 Dungeon Crawl Stone Soup version 0.26.0-10-g1f06aea511 (webtiles) character file.

Game seed: 5753990165244690463

25 Goblin1989 the Sneak (level 2, -4/24 HPs)
             Began as a Demonspawn Delver on Jan 17, 2021.
             Slain by a gnoll
             ... wielding a +1 halberd of venom
              (9 damage)
             ... on level 1 of the Dungeon.
             The game lasted 00:05:34 (825 turns).

Goblin1989 the Sneak (Demonspawn Delver)             Turns: 825, Time: 00:05:35

Health: -4/24      AC:  4    Str: 11 (12) XL:     2   Next: 82%
Magic:  2/2        EV:  9    Int:  9 (11) God:
Gold:   110        SH:  6    Dex: 12 (14) Spells: 1/1 levels left

rFire    . . .     SeeInvis .   R - +0 rapier
rCold    . . .     Faith    .   Z - +0 kite shield
rNeg     . . .     Spirit   .   b - +0 leather armour
rPois    .         Reflect  .   (helmet restricted)
rElec    .         Harm     .   (no cloak)
rCorr    .         Rampage  .   (no gloves)
Will     .....                  O - +0 pair of boots (curse)
Stlth    ++........             (no amulet)
HPRegen  0.08/turn              (no ring)
MPRegen  0.08/turn              (no ring)

@: mighty, hasted (expiring), very quick
A: antennae 1
a: no special abilities


You were on level 1 of the Dungeon.
You visited 1 branch of the dungeon, and saw 5 of its levels.

You collected 110 gold pieces.

Inventory:

Hand Weapons
 a - a +0 short sword
 R - a +0 rapier (weapon)
Missiles
 S - 3 boomerangs (quivered)
 U - 21 stones {@Q3}
Armour
 b - a +0 leather armour (worn)
 O - a cursed +0 pair of boots (worn)
 V - a +0 scale mail
 Z - a +0 kite shield (worn)
Jewellery
 N - an uncursed ring of protection from fire {unknown}
 Y - an uncursed ring of ice {unknown}
Wands
 g - a wand of digging (3) {@v1}
Scrolls
 c - a scroll of fog
 M - a scroll of magic mapping
 P - a scroll of teleportation {unknown}
 T - 2 scrolls of amnesia {unknown}
 X - a scroll of enchant armour {unknown}


   Skills:
 - Level 3.0 Fighting
 + Level 2.4 Short Blades
 - Level 1.7 Dodging
 + Level 4.9 Stealth
 + Level 0.3 Shields


You had one spell level left.
You didn't know any spells.
Your spell library was empty.

Dungeon Overview and Level Annotations

Branches:
Dungeon (5/15)
 Temple: D:4-7

Altars:
Qazlal

Annotations:
D:2 Terence


Innate Abilities, Weirdness & Mutations

You have a pair of small antennae on your head.


Message History

Found an escape hatch in the ceiling.
The frilled lizard hisses angrily.
Found a stone staircase leading down.
The frilled lizard bites you but does no damage.
You puncture the frilled lizard!
You kill the frilled lizard!
No target in view!
No target in view!
You now have 110 gold pieces (gained 15).
Terence the Incautious comes into view.
He is wielding a +0 hand axe.
Found a scroll labelled PUDGHA GUTHROACO.
You see here a leather armour.
You see here a frilled lizard corpse.
There is an escape hatch in the ceiling here.
Really go through this one-way escape hatch?
A mysterious force pulls you upwards. The hatch slams shut behind you.
A gnoll comes into view. It is wielding a +1 halberd of venom.
The gnoll shouts!
The hobgoblin hits you but does no damage.
Found 5 gold pieces and 27 stones.
A bat and a hobgoblin come into view.
The hobgoblin shouts!
The hobgoblin barely misses you. You block the gnoll's attack.
You block the kobold's attack.
The gnoll hits you from afar with a +1 halberd of venom!
You are poisoned.
You take 8 damage, and have 16/24 hp.
MASSIVE DAMAGE!!
You feel sick.
A kobold comes into view. It is wielding a +0 dagger.
You block the hobgoblin's attack.
You take 1 damage, and have 15/24 hp.
You feel sick.
You take 1 damage, and have 14/24 hp.
A giant cockroach comes into view.
Found 10 arrows and a scroll labelled BYOGHI OSUS.
You feel sick.
Found a shiny ring mail and a scroll labelled BYOGHI OSUS.
You take 1 damage, and have 13/24 hp.
Okay, then.
You feel yourself speed up.
The hobgoblin hits you but does no damage.
You closely miss the giant cockroach. The hobgoblin hits you with a +0 club.
* * * LOW HITPOINT WARNING * * *
You take 6 damage, and have 7/24 hp.
MASSIVE DAMAGE!!
You feel sick. The giant cockroach barely misses you.
You take 1 damage, and have 6/24 hp.
You block the giant cockroach's attack. The bat hits you but does no damage.
You feel sick.
You take 1 damage, and have 5/24 hp.
You hit the bat.
You kill the bat!
You see here a shiny ring mail.
Found 5 gold pieces.
You feel sick.
You take 1 damage, and have 5/24 hp.
You feel sick.
You take 1 damage, and have 4/24 hp.
A bat comes into view.
It was a potion of degeneration.
There was something very wrong with that liquid.
You feel weakened.
You feel dopey.
You feel clumsy.
It was a potion of might.
You feel very mighty all of a sudden.
You feel sick.
You are no longer poisoned.
You take 1 damage, and have 3/24 hp.
The giant cockroach bites you but does no damage.
You puncture the giant cockroach!
You kill the giant cockroach!
The hobgoblin barely misses you.
You closely miss the hobgoblin.
The hobgoblin hits you but does no damage.
You puncture the hobgoblin!
You kill the hobgoblin!
You puncture the hobgoblin!
You kill the hobgoblin!
You block the kobold's attack.
Things that are here:
a +0 club; a hobgoblin corpse You closely miss the kobold.
You hit the kobold.
You kill the kobold!
You start resting.
A gnoll is nearby!
A gnoll is nearby!
Your extra speed is starting to run out.
Things that are here:
a +0 club; a hobgoblin corpse The gnoll barely misses you.
You see here a kobold corpse.
You hit the gnoll.
The gnoll is moderately wounded.
You hit the gnoll.
The gnoll is severely wounded.
The gnoll closely misses you.
You closely miss the gnoll.
The gnoll is severely wounded.
The gnoll hits you with a +1 halberd of venom!
You die...

█ ██..$...█ █
██.......█ █
█..........██
██..█.........█
...███.....██.█
.████.......█.████████
.......?.....B.......█
.██..(......████g█.█.█
.██....K.[..█ █@█
███......g..█ █)█
.g......g...█ █.█
███.........█ █.█
█.........█ █.█
█......?..█ █.█
█.........█ █.█


███████████ █.█ █.█ You could see a gnoll.

Vanquished Creatures
  A worm (D:3)
  2 orcs
  2 bats
  3 giant cockroaches
  3 hobgoblins
  2 jackals
  2 quokkas (D:3)
  A frilled lizard (D:2)
  A kobold (D:1)
17 creatures vanquished.

Notes
Turn   | Place    | Note
-------+----------+-------------------------------------------
     0 | D:5      | Goblin1989 the Demonspawn Delver began the quest for the
                  | Orb.
     0 | D:5      | Reached XP level 1. HP: 18/18 MP: 1/1
     2 | D:5      | Noticed a scorpion
    38 | D:4      | Noticed an ogre
    38 | D:4      | Noticed a hound
   154 | D:4      | Noticed a howler monkey
   217 | D:5      | Found a stormy altar of Qazlal.
   379 | D:3      | Gained mutation: You have a pair of small antennae on your
                  | head. [demonic ancestry]
   379 | D:3      | Reached XP level 2. HP: 22/24 MP: 2/2
   753 | D:2      | Noticed Terence
   825 | D:1      | Slain by a gnoll

Illustrated notes

Levels and vault maps discovered:
D:1:      shiori_arrival_whats_in_store_for_you, layout_rooms,
          minmay_misc_feat_rugged
D:2:      layout_rooms, uniq_terence
D:3:      layout_loops_ring, cheibriados_altar_1, old_standard_altar,
          nicolae_overflow_hidden_temple
D:4:      layout_rooms, kennysheep_little_box, temple_doors_cd
D:5:      layout_rooms, basic_altar, lemuel_altar_in_water

Skill      XL: |  1 |
---------------+----+-----
Short Blades   | 2 |  2.4
Fighting       | |  3.0
Dodging        | |  1.7
Stealth        | |  4.9
Shields        | |  0.3

Action                   || total
-------------------------++-------
Melee: Rapier            ||    38
  Use: Potion            ||     3
       Scroll            ||     1
 Stab: Sleeping          ||     4
Armor: Leather armour    ||    10
Dodge: Dodged            ||    18
Block: Kite shield       ||    10
